 Dungeon Crawl Stone Soup version 0.21.1-1-g345015fe64 (webtiles) character file.

188 KleinerIrrer the Skirmisher (level 5, -2/50 HPs)
             Began as a Draconian Transmuter on Apr 4, 2018.
             Slain by BrokenGlass's ghost (8 damage)
             ... on level 4 of the Dungeon.
             The game lasted 00:00:58 (3168 turns).

KleinerIrrer the Skirmisher (Draconian Transmuter)  Turns: 3168, Time: 00:00:58

Health: -2/50      AC:  8    Str: 12    XL:     5   Next: 39%
Magic:  8/8        EV: 11    Int: 14    God:
Gold:   184        SH:  3    Dex: 12    Spells: 7/8 levels left

rFire    + . .     SeeInvis .   Y - +0 flail
rCold    . . .     Gourm    .   h - +0 buckler
rNeg     . . .     Faith    .   (armour unavailable)
rPois    .         Spirit   .   (helmet restricted)
rElec    .         Reflect  .   l - +2 cloak
rCorr    .         Harm     .   (no gloves)
MR       .....                  (no boots)
Stlth    +.........             (no amulet)
HPRegen  0.16/turn              n - ring of protection from fire
MPRegen  0.11/turn              (no ring)

@: no status effects
A: unfitting armour, cold-blooded, AC +5
a: no special abilities


You were on level 4 of the Dungeon.
You were not hungry.

You visited 1 branch of the dungeon, and saw 4 of its levels.

You collected 184 gold pieces.


Innate Abilities, Weirdness & Mutations

Your plain brown scales are hard. (AC +5)
You cannot fit into any form of body armour.
You are cold-blooded and may be slowed by cold attacks.


   Skills:
 + Level 5.9 Fighting
 - Level 1.7 Dodging
 - Level 3.0 Unarmed Combat
 - Level 2.0 Spellcasting
 - Level 2.0 Transmutations


You had 7 spell levels left.
You knew the following spells:

 Your Spells              Type           Power        Failure   Level  Hunger
a - Beastly Appendage     Tmut           #.....       17%         1    ##.....

Inventory:

Hand Weapons
 Y - a +0 flail (weapon)
Missiles
 i - 6 steel javelins (quivered)
Armour
 h - a +0 buckler (worn)
 l - a +2 cloak (worn)
Jewellery
 n - a ring of protection from fire (left hand)
Scrolls
 d - a scroll of remove curse
Potions
 a - a potion of might
 g - 2 potions of invisibility {unknown}
 m - a potion of mutation {unknown}
 o - a potion of haste
 p - a potion of curing
 q - 2 potions of flight {unknown}
Books
 b - a book of Changes

   Spells                             Type                      Level
   a - Beastly Appendage              Transmutation                1
   b - Sticks to Snakes               Transmutation                2
   c - Spider Form                    Transmutation/Poison         3
   d - Ice Form                       Ice/Transmutation            4
   e - Blade Hands                    Transmutation                5
Comestibles
 c - 6 rations

Dungeon Overview and Level Annotations

Branches:
Dungeon (4/15)
 Temple: D:4-7

Altars:
The Shining One

Annotations:
D:4 BrokenGlass's ghost, amateur OpMo


Message History

You hit BrokenGlass's ghost but do no damage.
BrokenGlass's ghost is heavily damaged.
BrokenGlass's ghost hits you.
BrokenGlass's ghost hits you but does no damage.
You barely miss BrokenGlass's ghost. You tail-slap BrokenGlass's ghost.
BrokenGlass's ghost is heavily damaged.
BrokenGlass's ghost completely misses you.
You closely miss BrokenGlass's ghost.
BrokenGlass's ghost is heavily damaged.
Your talons disappear.
BrokenGlass's ghost lets out a mournful wail.
BrokenGlass's ghost hits you but does no damage.
BrokenGlass's ghost hits you.
You closely miss BrokenGlass's ghost.
BrokenGlass's ghost is heavily damaged.
BrokenGlass's ghost closely misses you.
You miss BrokenGlass's ghost. You tail-slap BrokenGlass's ghost.
BrokenGlass's ghost is heavily damaged.
BrokenGlass's ghost hits you!
You die...

...#.#.##.#..' ...
..##.#..# #.#
#.##....##
#.###.##.....#
########.......%....#
#.............##..P##
#...#####..#...#...#
#...# #......#...#
#...# ##....W@..P####
#...###
#.###.##.....#+##..
#.<...# ..#
#.##...........
#####.# ##.#
#######..###.. .# ###
#............. .
#.###########. .
#........ ..
#..#####. #...


You could see BrokenGlass's ghost.

Vanquished Creatures
  2 hounds
  Jessica (D:2)
  4 adders
  2 oozes
  2 worms
  4 dart slugs
  7 bats
  A giant cockroach (D:2)
  2 hobgoblins
  7 jackals
  5 quokkas
  2 frilled lizards
  2 goblins (D:1)
  3 kobolds
  7 rats
51 creatures vanquished.

Notes
Turn   | Place    | Note
-------+----------+-------------------------------------------
     0 | D:1      | KleinerIrrer the Draconian Transmuter began the quest for the Orb.
     0 | D:1      | Reached XP level 1. HP: 16/16 MP: 3/3
     0 | D:1      | 0 ||| counter = 21
    37 | D:1      | 37 ||| CASTING Beastly Appendage
    52 | D:1      | 52 ||| Wielding weapon club.
    69 | D:1      | 69 ||| CASTING Beastly Appendage
    96 | D:1      | 96 ||| CASTING Beastly Appendage
    99 | D:1      | 99 ||| Stepping ~*~*~tactically~*~*~ (outnumbered).
   100 | D:1      | 100 ||| Stepping ~*~*~tactically~*~*~ (outnumbered).
   101 | D:1      | 101 ||| Stepping ~*~*~tactically~*~*~ (outnumbered).
   158 | D:1      | Found a glowing golden altar of the Shining One.
   288 | D:1      | 288 ||| CASTING Beastly Appendage
   292 | D:1      | Reached skill level 2 in Fighting
   297 | D:1      | Reached XP level 2. HP: 25/25 MP: 3/5
   310 | D:1      | 310 ||| CASTING Beastly Appendage
   334 | D:1      | 334 ||| CASTING Beastly Appendage
   363 | D:1      | 363 ||| CASTING Beastly Appendage
   422 | D:1      | 422 ||| CASTING Beastly Appendage
   520 | D:1      | 520 ||| CASTING Beastly Appendage
   545 | D:1      | 545 ||| CASTING Beastly Appendage
   739 | D:1      | 739 ||| READING scroll labeled ZAUDGH KYNOVUKK.
   740 | D:1      | 740 ||| READING scroll labeled HUROGG LOXALE.
   741 | D:1      | 741 ||| READING 2 scrolls labeled WUONAM ENUENOA.
   742 | D:1      | 742 ||| READING scroll labeled WOZOJO SUKOUPS.
   743 | D:1      | 743 ||| READING scroll labeled ACAGAOCZ IMNIC.
   744 | D:1      | 744 ||| READING scroll labeled ZYNE LIREYCER.
   745 | D:1      | 745 ||| READING scroll labeled PINORPHESKI.
   748 | D:1      | 748 ||| DRINKING 2 puce potions.
   749 | D:1      | 749 ||| DRINKING 2 sapphire potions.
   750 | D:1      | 750 ||| DRINKING 2 amethyst potions.
   751 | D:1      | 751 ||| DROPPING 12 arrows.
   775 | D:2      | 775 ||| CASTING Beastly Appendage
   776 | D:2      | 776 ||| STAIRDANCE
   797 | D:2      | 797 ||| CASTING Beastly Appendage
   805 | D:2      | 805 ||| STAIRDANCE
   821 | D:2      | 821 ||| CASTING Beastly Appendage
   826 | D:2      | 826 ||| STAIRDANCE
   876 | D:2      | 876 ||| CASTING Beastly Appendage
   899 | D:2      | 899 ||| CASTING Beastly Appendage
   907 | D:2      | 907 ||| STAIRDANCE
   915 | D:2      | 915 ||| CASTING Beastly Appendage
   920 | D:2      | Reached skill level 3 in Fighting
   921 | D:2      | 921 ||| STAIRDANCE
  1025 | D:2      | 1025 ||| CASTING Beastly Appendage
  1028 | D:2      | 1028 ||| CASTING Beastly Appendage
  1037 | D:2      | 1037 ||| CASTING Beastly Appendage
  1037 | D:2      | HP: 6/26 [adder (1)]
  1038 | D:2      | 1038 ||| DRINKING potion of heal wounds.
  1039 | D:2      | Reached XP level 3. HP: 30/31 MP: 3/6
  1125 | D:2      | 1125 ||| CASTING Beastly Appendage
  1132 | D:2      | 1132 ||| Stepping ~*~*~tactically~*~*~ (outnumbered).
  1136 | D:2      | 1136 ||| Stepping ~*~*~tactically~*~*~ (outnumbered).
  1137 | D:2      | 1137 ||| CASTING Beastly Appendage
  1150 | D:2      | 1150 ||| STAIRDANCE
  1152 | D:1      | 1152 ||| CASTING Beastly Appendage
  1187 | D:2      | 1187 ||| STAIRDANCE
  1189 | D:1      | 1189 ||| CASTING Beastly Appendage
  1210 | D:2      | 1210 ||| CASTING Beastly Appendage
  1213 | D:2      | 1213 ||| STAIRDANCE
  1242 | D:2      | 1242 ||| CASTING Beastly Appendage
  1252 | D:2      | 1252 ||| CASTING Beastly Appendage
  1258 | D:2      | 1258 ||| STAIRDANCE
  1287 | D:2      | 1287 ||| CASTING Beastly Appendage
  1383 | D:2      | 1383 ||| CASTING Beastly Appendage
  1406 | D:2      | 1406 ||| SWAPPING to whip.
  1407 | D:2      | 1407 ||| DROPPING +0 club.
  1408 | D:2      | 1408 ||| READING scroll of remove curse.
  1423 | D:2      | 1423 ||| CASTING Beastly Appendage
  1432 | D:2      | 1432 ||| STAIRDANCE
  1453 | D:2      | 1453 ||| CASTING Beastly Appendage
  1468 | D:2      | 1468 ||| CASTING Beastly Appendage
  1621 | D:2      | 1621 ||| CASTING Beastly Appendage
  1639 | D:2      | 1639 ||| CASTING Beastly Appendage
  1664 | D:2      | 1664 ||| CASTING Beastly Appendage
  1689 | D:2      | 1689 ||| CASTING Beastly Appendage
  1702 | D:2      | 1702 ||| Stepping ~*~*~tactically~*~*~ (outnumbered).
  1705 | D:2      | 1705 ||| CASTING Beastly Appendage
  1737 | D:2      | 1737 ||| CASTING Beastly Appendage
  1751 | D:2      | 1751 ||| CASTING Beastly Appendage
  1759 | D:2      | 1759 ||| CASTING Beastly Appendage
  1761 | D:2      | Reached skill level 4 in Fighting
  1762 | D:2      | 1762 ||| STAIRDANCE
  1786 | D:2      | 1786 ||| SWAPPING to mace.
  1787 | D:2      | 1787 ||| DROPPING -3 whip.
  1835 | D:2      | 1835 ||| CASTING Beastly Appendage
  1869 | D:2      | 1869 ||| CASTING Beastly Appendage
  1940 | D:2      | 1940 ||| CASTING Beastly Appendage
  1966 | D:2      | 1966 ||| UPGRADING to short sword.
  1967 | D:2      | 1967 ||| DROPPING +0 mace.
  1980 | D:2      | Noticed Jessica
  2061 | D:2      | 2061 ||| CASTING Beastly Appendage
  2065 | D:2      | Killed Jessica
  2065 | D:2      | Reached XP level 4. HP: 32/41 MP: 5/7
  2189 | D:3      | 2189 ||| SWAPPING to flail.
  2190 | D:3      | 2190 ||| DROPPING +0 short sword.
  2204 | D:3      | 2204 ||| CASTING Beastly Appendage
  2226 | D:3      | 2226 ||| CASTING Beastly Appendage
  2232 | D:3      | 2232 ||| STAIRDANCE
  2236 | D:2      | 2236 ||| DRINKING 2 white potions.
  2239 | D:3      | 2239 ||| CASTING Beastly Appendage
  2241 | D:3      | 2241 ||| STAIRDANCE
  2370 | D:3      | 2370 ||| CASTING Beastly Appendage
  2421 | D:3      | 2421 ||| CASTING Beastly Appendage
  2432 | D:3      | 2432 ||| CASTING Beastly Appendage
  2456 | D:3      | 2456 ||| CASTING Beastly Appendage
  2562 | D:3      | 2562 ||| CASTING Beastly Appendage
  2615 | D:3      | 2615 ||| CASTING Beastly Appendage
  2618 | D:3      | Reached skill level 5 in Fighting
  2626 | D:3      | 2626 ||| CASTING Beastly Appendage
  2660 | D:3      | 2660 ||| CASTING Beastly Appendage
  2728 | D:3      | 2728 ||| CASTING Beastly Appendage
  2737 | D:3      | Reached XP level 5. HP: 36/48 MP: 8/8
  2922 | D:3      | 2922 ||| CASTING Beastly Appendage
  3029 | D:3      | 3029 ||| UPGRADING to buckler.
  3034 | D:3      | 3034 ||| UPGRADING to runed cloak.
  3039 | D:3      | 3039 ||| READING scroll labeled RASYOM HOBI.
  3040 | D:3      | 3040 ||| READING scroll of identify.
  3040 | D:3      | 3040 ||| IDENTIFYING shiny moonstone ring
  3041 | D:3      | 3041 ||| UPGRADING to ring of protection from fire.
  3042 | D:3      | 3042 ||| DROPPING 7 arrows.
  3085 | D:4      | 3085 ||| CASTING Beastly Appendage
  3152 | D:4      | Noticed BrokenGlass's ghost (amateur OpMo)
  3155 | D:4      | 3155 ||| CASTING Beastly Appendage
  3164 | D:4      | HP: 8/50 [BrokenGlass's ghost (6)]
  3168 | D:4      | Slain by BrokenGlass's ghost

Vault maps used:
D:1:      shiori_shiawase, tso_metal_star
D:2:      minmay_box_of_dots, uniq_jessica
D:4:      corexii_shantytown, first_ration, serial_bayou_pond_a

Skill      XL: |  1  2  3  4 |
---------------+-------------+-----
Fighting       | 2 3 4 5 |  5.9
Dodging        | |  1.7
Unarmed Combat | |  3.0
Spellcasting   | |  2.0
Transmutations | |  2.0

Action                   |  1- 3 |  4- 6 || total
-------------------------+-------+-------++-------
Melee: Club              |    89 |       ||    89
       Kick              |    10 |     3 ||    13
       Unarmed           |     2 |       ||     2
       Headbutt          |    12 |     3 ||    15
       Tailslap          |    16 |     6 ||    22
       Whip              |    41 |       ||    41
       Mace              |    12 |       ||    12
       Short sword       |     4 |       ||     4
       Flail             |       |    60 ||    60
       Punch             |       |     1 ||     1
Throw: Javelin           |       |     6 ||     6
 Cast: Beastly Appendage |    40 |    15 ||    55
  Use: Scroll            |     8 |     2 ||    10
       Potion            |     4 |     1 ||     5
  Eat: Chunk             |     5 |     4 ||     9
Armor: Skin              |    60 |    33 ||    93
Dodge: Dodged            |   110 |    40 ||   150
Block: Buckler           |       |     3 ||     3

Table legend:
 A = Spawn XP
 B = Non-spawn XP
 C = Spawn XP percentage of total XP
 D = Spawn monster count
 E = Non-spawn monster count
 F = Spawn count percentage of total count
 G = Total turns spent on level
                    A         B        C        D         E        F      G
               +---------+---------+-------+---------+---------+-------+---------
         Total |       0 |     269 |   0.0 |       0 |      51 |   0.0 |  3168
               +---------+---------+-------+---------+---------+-------+---------
           D:1 |       0 |      26 |   0.0 |       0 |      16 |   0.0 |  1015
           D:2 |       0 |     102 |   0.0 |       0 |      21 |   0.0 |  1172
           D:3 |       0 |      93 |   0.0 |       0 |      11 |   0.0 |   879
           D:4 |       0 |      48 |   0.0 |       0 |       3 |   0.0 |   102
               +---------+---------+-------+---------+---------+-------+---------
